Map: King Sejong Station LE

Players

SortOf - Winner!

  • Race: Zerg Zerg
  • League: Master

YogorōMōri (YoGo)

  • Race: Zerg Zerg
  • League: Master

VOD

Have the link to the VOD?

Description

Time

  • Played on: Oct. 26, 2016, 5 a.m.
  • Length: 5:06
Show
View Real Time Build Order
Export as new Build Order

SortOf Zerg - Winner!

Build Orders: Hatch First, Zergling Baneling 

Get SALT Encoding   

  12  0:00  Drone  
  13  0:13  Overlord  
  13  0:17  Drone  
  14  0:31  Drone x2  
  16  0:37  Drone  
  17  0:53  Unknown, Hatchery  
  17  0:55  Drone  
  17  0:59  Drone  
  18  1:09  Extractor  
  17  1:14  Spawning Pool  
  17  1:17  Drone  
  17  1:20  Drone  
  18  1:28  Drone  
  19  1:39  Overlord  
  19  1:50  Drone  
  20  2:01  Queen  
  20  2:02  Zergling x2  
  20  2:04  Queen, Unknown  
  20  2:06  Drone  
  26  2:12  Drone  
  27  2:16  Metabolic Boost  
  27  2:17  Drone  
  28  2:23  Drone  
  28  2:28  Drone  
  30  2:33  Drone  
  31  2:40  Unknown, Hatchery  
  30  2:44  Drone  
  30  2:45  Drone  
  30  2:49  Baneling Nest  
  31  2:53  Overlord  
  31  2:56  Zergling x2  
  32  3:00  Zergling x2  
  32  3:11  Zergling x8  
  36  3:16  Zergling x6  
  36  3:17  Zergling x2  
  40  3:22  Overlord  
  40  3:26  Zergling x2  
  41  3:33  Baneling x4  
  41  3:40  Zergling x2  
  41  3:41  Zergling x8  
  46  3:50  Overlord  
  46  3:52  Unknown  
  46  3:54  Zergling x2  
  46  3:55  Zergling x6  
  50  4:04  Baneling x3  
  50  4:08  Zergling x8  
  53  4:10  Baneling x3  
  51  4:18  Zergling x2  
  51  4:19  Zergling x4  
  53  4:31  Zergling x2  
  48  4:36  Zergling x14  
  50  4:43  Baneling x4  
  50  4:44  Zergling x2  
  50  4:45  Zergling x2  
  50  4:48  Zergling x2  
Show
View Real Time Build Order
Export as new Build Order

YogorōMōri Zerg 

Build Orders: Hatch First 

Get SALT Encoding   

  12  0:03  Drone  
  13  0:14  Overlord  
  13  0:24  Drone  
  14  0:34  Drone x2  
  16  0:51  Unknown, Hatchery  
  16  0:53  Drone  
  16  0:56  Extractor  
  15  1:00  Drone  
  16  1:13  Spawning Pool  
  16  1:16  Drone  
  16  1:20  Drone  
  16  1:24  Drone  
  18  1:30  Drone  
  19  1:42  Drone  
  20  1:53  Drone  
  21  2:01  Metabolic Boost  
  21  2:02  Queen x2, Unknown  
  21  2:06  Drone  
  26  2:09  Drone  
  26  2:13  Drone  
  28  2:19  Overlord  
  28  2:27  Baneling Nest  
  28  2:29  Zergling x2  
  28  2:38  Zergling x6  
  31  2:46  Drone  
  31  2:47  Overlord  
  32  2:57  Drone  
  32  2:58  Drone  
  34  2:59  Lair  
  34  3:01  Extractor  
  33  3:11  Drone x3  
  36  3:14  Zergling x2  
  36  3:15  Drone x2  
  36  3:16  Drone  
  40  3:21  Overlord  
  40  3:24  Drone  
  41  3:27  Drone  
  41  3:33  Baneling x2  
  42  3:37  Zergling x2  
  42  3:38  Zergling x2  
  42  3:39  Spine Crawler  
  42  3:43  Drone x3  
  42  3:47  Drone  
  46  3:51  Extractor  
  46  3:54  Zergling x4  
  47  4:02  Spire  
  46  4:03  Zergling x2  
  46  4:05  Baneling  
  46  4:09  Queen  
  49  4:10  Baneling  
  49  4:15  Baneling  
  48  4:19  Drone x3  
  48  4:23  Drone  
  49  4:37  Zergling x12  
  50  4:40  Zergling x2  
  50  4:43  Zergling x2  
Tags
 
Add a new tag
Caveats
  • Supply blocks, unpowered buildings, or Contaminate may cause inaccurate times.
  • Supply counts are checked every 10 seconds.